 Dungeon Crawl Stone Soup version 0.28.0-43-g3370ac3207 (webtiles) character file.

Game seed: 8399409006184159223

1571 Ablot the Grasshopper (level 8, -4/64 HPs)
             Began as a Gnoll Warper on Mar 7, 2022.
             Was a Follower of Okawaru.
             Killed from afar by an orc wizard (10 damage)
             ... with a magic dart
             ... on level 7 of the Dungeon.
             The game lasted 00:12:18 (7743 turns).

Ablot the Grasshopper (Gnoll Warper)                Turns: 7743, Time: 00:12:19

Health: -4/64      AC:  9    Str: 14    XL:     8   Next: 90%
Magic:  17/17      EV: 13    Int: 12    God:    Okawaru [*.....]
Gold:   309        SH:  0    Dex: 11    Spells: 14/19 levels left

rFire   . . .      SeeInvis +   w - +3 flail (holy)
rCold   . . .      Faith    .   (no shield)
rNeg    . . .      Spirit   .   b - +0 leather armour
rPois   .          Reflect  .   J - +0 helmet
rElec   .          Harm     .   D - +0 cloak
rCorr   .          Rampage  .   T - +2 pair of gloves
Will    .....                   (no boots)
Stlth   ++........              (no amulet)
HPRegen 0.20/turn               o - +4 ring of slaying
MPRegen 0.15/turn               R - ring of see invisible

@: no status effects
A: fangs 1, strong nose, distributed training
a: Renounce Religion, Heroism


You were on level 7 of the Dungeon.
You worshipped Okawaru.
Okawaru was aware of your devotion.
You visited 2 branches of the dungeon, and saw 8 of its levels.
You also visited: Ossuary.

You collected 309 gold pieces.

Inventory:

Hand Weapons
 a - a +0 trident
 c - a +0 hand crossbow
 d - a +5 dagger
 w - a +3 flail of holy wrath (weapon)
Missiles
 i - 114 stones
 j - 44 bolts
 p - 2 poisoned darts
 q - 100 arrows
 r - 8 boomerangs (quivered)
 t - 3 atropa-tipped darts
 x - 43 sling bullets
 C - 5 boomerangs of dispersal
 E - a throwing net
Armour
 b - a +0 leather armour (worn)
 D - a +0 cloak (worn)
 J - a +0 helmet (worn)
 Q - a +0 buckler
 T - a +2 pair of gloves (worn)
Jewellery
 o - a +4 ring of slaying (left hand)
 R - a ring of see invisible (right hand)
Wands
 n - a wand of iceblast (20)
 u - a wand of acid (10)
 K - a wand of digging (3)
Scrolls
 e - a scroll of magic mapping {unknown}
 g - 2 scrolls of holy word {unknown}
 k - a scroll of fear {unknown}
 l - 3 scrolls of teleportation {unknown}
 m - 2 scrolls of noise {unknown}
 y - 3 scrolls of enchant weapon
 z - a scroll of identify {unknown}
 B - 2 scrolls of blinking
 F - a scroll of amnesia {unknown}
 H - 2 scrolls of brand weapon {unknown}
Potions
 f - a potion of lignification {unknown}
 h - a potion of resistance {unknown}
 s - a potion of degeneration {unknown}
 A - a potion of berserk rage {unknown}
 G - a potion of mutation {unknown}
 I - 4 potions of curing {unknown}
 L - a potion of invisibility {unknown}
 M - 2 potions of cancellation {unknown}
 N - a potion of might {unknown}
 O - a potion of magic {unknown}
 P - 2 potions of heal wounds {unknown}
 S - a potion of attraction {unknown}


   Skills:
 + Level 5.9 Fighting
 + Level 3.6 Short Blades
 + Level 3.6 Long Blades
 + Level 3.6 Axes
 + Level 3.6 Maces & Flails
 + Level 5.9 Polearms
 + Level 3.6 Staves
 + Level 3.6 Slings
 + Level 3.6 Bows
 + Level 3.6 Crossbows
 + Level 4.5 Throwing
 + Level 4.5 Armour
 + Level 5.9 Dodging
 + Level 3.6 Stealth
 + Level 3.6 Shields
 + Level 3.6 Unarmed Combat
 + Level 6.2 Spellcasting
 + Level 3.0 Conjurations
 + Level 3.0 Hexes
 + Level 3.0 Summonings
 + Level 3.0 Necromancy
 + Level 6.3 Translocations
 + Level 3.0 Transmutations
 + Level 3.0 Fire Magic
 + Level 3.0 Ice Magic
 + Level 3.0 Air Magic
 + Level 3.0 Earth Magic
 + Level 3.0 Poison Magic
 + Level 4.0 Invocations
 + Level 3.6 Evocations


You had 14 spell levels left.
You knew the following spells:

 Your Spells              Type           Power      Damage    Failure   Level
a - Blink                 Tloc           36%        N/A       2%          2
b - Wereblood             Tmut           11%        N/A       10%         2
c - Beastly Appendage     Tmut           22%        N/A       6%          1

Your spell library contained the following spells:

 Spells                   Type           Power      Damage    Failure   Level
 Gell's Gravitas          Tloc           18%        N/A       4%          3
 Lesser Beckoning         Tloc           18%        N/A       4%          3
 Teleport Other           Tloc           18%        N/A       4%          3
 Shock                    Conj/Air       44%        1d5       6%          1
 Spider Form              Tmut/Pois      11%        N/A       19%         3
 Swiftness                Air            11%        N/A       19%         3
 Manifold Assault         Tloc           18%        N/A       41%         5
 Airstrike                Air            5%         N/A       52%         4
 Dispersal                Tloc           9%         N/A       94%         6


Dungeon Overview and Level Annotations

Branches:
Dungeon (7/15)             Temple (1/1) D:5         Ossuary (visited)

Altars:
Ashenzari
Cheibriados
Elyvilon
Fedhas
Gozag
Hepliaklqana
Kikubaaqudgha
Makhleb
Nemelex Xobeh
Okawaru
Qazlal
Ru
Sif Muna
Trog
Uskayaw
Vehumet
Wu Jian
Xom
Yredelemnul
Zin
The Shining One

Shops:
D:3 (

Annotations:
D:7 Menkaure


Innate Abilities, Weirdness & Mutations

You have very sharp teeth.
Your uncanny sense of smell can sniff out nearby items.
Your experience applies equally to all skills.


Message History

The orc priest is severely wounded.
The orc wizard mumbles some strange words.
The orc wizard flickers and vanishes for a moment.
The orc priest hits you but does no damage.
Menkaure casts a spell.
Menkaure seems to speed up.
You sock the orc priest!
You kill the orc priest!
Okawaru accepts your kill.
The orc wizard hits you with a +0 dagger.
* * * LOW HITPOINT WARNING * * *
Unknown command.
You hit the orc wizard.
The orc wizard is lightly wounded.
The kobold throws a stone.
The stone completely misses the orc wizard.
The stone hits you but does no damage.
A howler monkey comes into view.
The orc wizard gestures at you while chanting.
The magic dart hits you but does no damage.
You barely miss the orc wizard. Your bite misses the orc wizard.
The orc wizard is lightly wounded.
Menkaure calls on the powers of darkness!
The orc wizard convulses!
Your body is wracked with pain!
* * * LOW HITPOINT WARNING * * *
The howler monkey convulses!
The howler monkey hoots and howls with incredible vigour!
The orc wizard hits you but does no damage.
You hear a howl!
You hear a shout!
A howler monkey comes into view.
Menkaure calls on the powers of darkness!
The howler monkey convulses!
The orc wizard convulses!
Your body is wracked with pain!
* * * LOW HITPOINT WARNING * * *
The howler monkey convulses!
An orc comes into view. It is wielding a +0 flail.
You see here a +0 club.
The orc wizard points at you and mumbles some strange words.
The magic dart hits you!
You die...

## ... ##..#####
#.....hz#####
....h.MoK.z.#
###.###)###o##
....###.##...#
#........#.#@#########
....###..#.#.........####
#. #....#............#
#.#######.####.##.# #..
#....####.##.# #$#
#..##.....##.# ... #..
#.#......## ### >..
##.#.......#### ....
..........[....


You could see a wight and an orc wizard (invisible).

Vanquished Creatures
  An orc warrior (D:5)
  An ice beast (D:6)
  A necrophage (D:6)
  An ogre (D:4)
  2 phantoms
  An elf zombie (Ossuary)
  A kobold brigand (D:7)
  A scorpion (D:5)
  3 wights (D:7)
  2 centaur zombies (Ossuary)
  A bullfrog zombie (D:6)
  A human zombie (Ossuary)
  3 orc priests
  A centaur skeleton (D:7)
  2 gnoll shamans
  A bullfrog skeleton (D:4)
  2 iguanas (D:4)
  2 mummies (Ossuary)
  13 gnolls
  6 adders
  2 white imps
  An ufetubus (D:7)
  2 adder zombies (Ossuary)
  An adder skeleton (D:4)
  3 worms
  4 dart slugs
  20 orcs
  4 endoplasms
  2 giant cockroaches
  6 goblins
  9 hobgoblins
  7 jackals
  2 quokkas
  3 ball pythons
  5 bats
  2 frilled lizards
  2 goblin zombies (Ossuary)
  11 hobgoblin zombies (Ossuary)
  A jackal zombie (Ossuary)
  10 kobolds
  5 kobold zombies (Ossuary)
  10 orc zombies (Ossuary)
  5 rats
  2 rat zombies (Ossuary)
165 creatures vanquished.

Notes
Turn   | Place    | Note
-------+----------+-------------------------------------------
     0 | D:1      | Ablot the Gnoll Warper began the quest for the Orb.
     0 | D:1      | Reached XP level 1. HP: 20/20 MP: 6/6
    88 | D:1      | Reached XP level 2. HP: 21/26 MP: 7/7
    91 | D:1      | Learned a level 2 spell: Blink
   846 | D:2      | Reached skill level 5 in Spellcasting
   846 | D:2      | Reached XP level 3. HP: 24/31 MP: 7/9
   977 | D:2      | Reached skill level 1 in Invocations
  1350 | D:2      | Reached skill level 1 in Short Blades
  1350 | D:2      | Reached skill level 1 in Long Blades
  1350 | D:2      | Reached skill level 1 in Axes
  1350 | D:2      | Reached skill level 1 in Maces & Flails
  1350 | D:2      | Reached skill level 1 in Staves
  1350 | D:2      | Reached skill level 1 in Slings
  1350 | D:2      | Reached skill level 1 in Bows
  1350 | D:2      | Reached skill level 1 in Crossbows
  1350 | D:2      | Reached skill level 1 in Stealth
  1350 | D:2      | Reached skill level 1 in Shields
  1350 | D:2      | Reached skill level 1 in Unarmed Combat
  1350 | D:2      | Reached skill level 1 in Evocations
  1538 | D:2      | Reached XP level 4. HP: 38/38 MP: 11/11
  1949 | D:3      | Found Cydeekk's Antique Weapon Shoppe.
  2594 | D:4      | Noticed an ogre
  2748 | D:4      | Reached skill level 1 in Conjurations
  2748 | D:4      | Reached skill level 1 in Hexes
  2748 | D:4      | Reached skill level 1 in Summonings
  2748 | D:4      | Reached skill level 1 in Necromancy
  2748 | D:4      | Reached skill level 1 in Transmutations
  2748 | D:4      | Reached skill level 1 in Fire Magic
  2748 | D:4      | Reached skill level 1 in Ice Magic
  2748 | D:4      | Reached skill level 1 in Air Magic
  2748 | D:4      | Reached skill level 1 in Earth Magic
  2748 | D:4      | Reached skill level 1 in Poison Magic
  2841 | D:4      | Noticed a phantom
  2861 | D:4      | Killed a phantom
  2862 | D:4      | Reached XP level 5. HP: 34/43 MP: 12/12
  3367 | D:4      | Reached XP level 6. HP: 41/50 MP: 13/13
  3452 | D:4      | Reached skill level 5 in Fighting
  3452 | D:4      | Reached skill level 5 in Polearms
  3452 | D:4      | Reached skill level 5 in Dodging
  3968 | D:5      | Entered Level 5 of the Dungeon
  4068 | D:4      | Reached XP level 7. HP: 9/56 MP: 13/15
  5198 | D:5      | Learned a level 2 spell: Wereblood
  5200 | D:5      | Learned a level 1 spell: Beastly Appendage
  5370 | D:5      | Found a staircase to the Ecumenical Temple.
  5616 | Temple   | Entered the Ecumenical Temple
  5702 | Temple   | Became a worshipper of Warmaster Okawaru
  5859 | D:6      | Reached XP level 8. HP: 47/63 MP: 16/16
  6021 | D:6      | Found a sand-covered staircase.
  6026 | Ossuary  | Entered an ossuary
  7733 | D:7      | Reached * piety under Okawaru
  7733 | D:7      | Noticed Menkaure
  7743 | D:7      | Killed from afar by an orc wizard

Illustrated notes

Levels and vault maps discovered:
D:1:      heliophobic_arrival_glass_houses, layout_basic
D:2:      layout_rooms, kennysheep_flooded_box
D:3:      layout_loops_ring, serial_shops, shop, st_stairs_5
D:4:      layout_basic
D:5:      layout_cave_pools, minmay_temple_entry_poolview
D:6:      layout_basic, enter_ossuary_5, kennysheep_generic_room_5
D:7:      layout_loops_ring, uniq_menkaure
Temple:   compressed_dpeg_circular_temple

Skill      XL: |  1  2  3  4  5  6  7  8 |
---------------+-------------------------+-----
Spellcasting   | 5 6 |  6.2
Invocations    | 1 2 3 4 |  4.0
Short Blades   | 1 2 3 |  3.6
Long Blades    | 1 2 3 |  3.6
Axes           | 1 2 3 |  3.6
Maces & Flails | 1 2 3 |  3.6
Staves         | 1 2 3 |  3.6
Slings         | 1 2 3 |  3.6
Bows           | 1 2 3 |  3.6
Crossbows      | 1 2 3 |  3.6
Stealth        | 1 2 3 |  3.6
Shields        | 1 2 3 |  3.6
Unarmed Combat | 1 2 3 |  3.6
Evocations     | 1 2 3 |  3.6
Conjurations   | 1 2 3 |  3.0
Hexes          | 1 2 3 |  3.0
Summonings     | 1 2 3 |  3.0
Necromancy     | 1 2 3 |  3.0
Transmutations | 1 2 3 |  3.0
Fire Magic     | 1 2 3 |  3.0
Ice Magic      | 1 2 3 |  3.0
Air Magic      | 1 2 3 |  3.0
Earth Magic    | 1 2 3 |  3.0
Poison Magic   | 1 2 3 |  3.0
Throwing       | 3 4 |  4.5
Armour         | 3 4 |  4.5
Fighting       | 5 |  5.9
Polearms       | 5 |  5.9
Dodging        | 5 |  5.9
Translocations | 6 |  6.3

Action                   |  1- 3 |  4- 6 |  7- 9 || total
-------------------------+-------+-------+-------++-------
Melee: Spear             |   102 |   155 |       ||   257
       Bite              |     7 |    15 |    28 ||    50
       Punch             |     1 |     2 |     5 ||     8
       Dagger            |       |     4 |   242 ||   246
       Flail             |       |       |    14 ||    14
       Kick              |       |       |    12 ||    12
       Headbutt          |       |       |     9 ||     9
Throw: Boomerang         |     4 |     9 |     3 ||    16
 Cast: Blink             |       |     1 |       ||     1
       Wereblood         |       |       |     6 ||     6
       Beastly Appendage |       |       |     3 ||     3
  Use: Scroll            |       |       |     1 ||     1
 Stab: Sleeping          |     3 |     1 |     3 ||     7
Armor: Leather armour    |    16 |    16 |    63 ||    95
Dodge: Dodged            |    43 |    70 |   125 ||   238
